 Dungeon Crawl Stone Soup version 0.30-a0-122-g2a1322497e (webtiles) character file.

Game seed: 7611160196926757864

6 KittyKat the Grave Robber (level 1, 0/13 HPs)
             Began as a Demonspawn Necromancer on Sept 15, 2022.
             Slain by a jackal (1 damage)
             ... on level 1 of the Dungeon.
             The game lasted 00:00:50 (326 turns).

KittyKat the Grave Robber (Demonspawn Necromancer)   Turns: 326, Time: 00:00:51

Health: 0/13       AC:  2    Str:  8    XL:     1   Next: 75%
Magic:  0/3        EV: 12    Int: 16    God:
Gold:   0          SH:  0    Dex: 13    Spells: 3/4 levels left

rFire   . . .      SeeInvis .    (no weapon)
rCold   . . .      Faith    .    (no shield)
rNeg    . . .      Spirit   .    a - +0 robe
rPois   .          Reflect  .    (no helmet)
rElec   .          Harm     .    (no cloak)
rCorr   .          Rampage  .    (no gloves)
Will    .....                    (no boots)
Stlth   ++........               (no amulet)
HPRegen 0.04/turn                (no ring)
MPRegen 0.08/turn                (no ring)

@: no status effects
A: no striking features
a: no special abilities


You were on level 1 of the Dungeon.
You visited 1 branch of the dungeon, and saw 1 of its levels.

Inventory:

Armour
 a - a +0 robe (worn)
Scrolls
 c - a scroll of silence {unknown}
Potions
 b - a potion of magic


   Skills:
 + Level 2.0 Dodging
 - Level 1.7 Stealth
 + Level 2.1 Spellcasting
 + Level 4.5 Necromancy


You had 3 spell levels left.
You knew the following spells:

 Your Spells              Type           Power      Damage    Failure   Level
a - Necrotise             Necr           64%        1d7       3%          1

Your spell library contained the following spells:

 Spells                   Type           Power      Damage    Failure   Level
 Vampiric Draining        Necr           16%        2d7       10%         3
 Animate Dead             Necr           16%        N/A       32%         4
 Agony                    Necr           16%        N/A       65%         5


Dungeon Overview and Level Annotations

Branches:
Dungeon (1/15)

Altars:


Message History

The jackal barely misses you.
You closely miss the jackal.
The jackal is heavily wounded.
Your jackal skeleton bites the jackal.
The jackal bites you.
Your jackal skeleton closely misses the jackal.
You hit the jackal but do no damage.
The jackal is heavily wounded.
The jackal misses you.
Your jackal skeleton completely misses the jackal.
Casting: Necrotise (safe; 3% risk of failure)
Confirm with . or Enter, or press ? or * to list all spells.
Aiming: Necrotise (safe; 3% risk of failure)
Press: ? - help, Shift-Dir - straight line, f/p - jackal
Aim: a jackal (heavily wounded, ally target, chance to affect: 86%)
The jackal writhes in agony.
You kill the jackal!
The dead are walking!
Your jackal skeleton closely misses the jackal.
The jackal bites you but does no damage.
Your Dodging skill increases to level 2!
Your jackal skeleton bites the jackal.
Your jackal skeleton bites the jackal but does no damage.
The jackal bites you.
Your jackal skeleton barely misses the jackal.
Your jackal skeleton closely misses the jackal.
The jackal attacks as you move away! The jackal bites you.
* * * LOW HITPOINT WARNING * * *
The jackal closely misses you. The jackal attacks as you move away!
The jackal bites you but does no damage.
The jackal attacks as you move away! The jackal bites you.
* * * LOW HITPOINT WARNING * * *
You see here a +0 dagger.
The jackal attacks as you move away! The jackal bites you.
* * * LOW HITPOINT WARNING * * *
The jackal bites you.
* * * LOW HITPOINT WARNING * * *
The jackal closely misses you. The jackal attacks as you move away!
The jackal bites you.
You die...

. .. ..## ...# #..#####
######### #..... #.......#
#...# #########.......#
#####..########..h.Z..........+
................@h.Z..........#
......#.....###.#######.#######
....(.#####..##.# #'# ......#
#D##.##.# #..Z...h..#
####.#######....# #..........+
#..##...##.#.# ............#
##..'.>.+..#.####..........#
####...####..####.#+#######
###.### #.......#


You could see 2 jackals and 2 friendly jackal skeletons.

Vanquished Creatures
  An endoplasm (D:1)
  A hobgoblin (D:1)
  2 jackals (D:1)
  A kobold (D:1)
5 creatures vanquished.

Notes
Turn   | Place    | Note
-------+----------+-------------------------------------------
     0 | D:1      | KittyKat the Demonspawn Necromancer began the quest for the
                  | Orb.
     0 | D:1      | Reached XP level 1. HP: 13/13 MP: 3/3
     0 | D:1      | Noticed a green draconian
     3 | D:1      | Noticed a purple draconian
     5 | D:1      | Noticed a large abomination
     7 | D:1      | Noticed a large abomination
    10 | D:1      | Noticed a large abomination
    10 | D:1      | Noticed a white draconian
    12 | D:1      | Noticed an orb of fire
    12 | D:1      | Noticed an ice dragon
    13 | D:1      | Noticed an iron dragon
    15 | D:1      | Noticed an ice dragon
    15 | D:1      | Noticed a shadow dragon
    17 | D:1      | Noticed a shadow dragon
    17 | D:1      | Noticed an ice dragon
    19 | D:1      | Noticed an iron dragon
    19 | D:1      | Noticed an iron dragon
    21 | D:1      | Noticed an iron dragon
   326 | D:1      | Slain by a jackal

Illustrated notes

Levels and vault maps discovered:
D:1:      shiori_arrival_whats_in_store_for_you, layout_basic, st_stairs_5

Skill      XL: |  1 |
---------------+----+-----
Dodging        | 2 |  2.0
Stealth        | |  1.7
Spellcasting   | |  2.1
Necromancy     | |  4.5

Action                   || total
-------------------------++-------
Melee: Unarmed           ||    15
 Cast: Necrotise         ||    11
Armor: Robe              ||     8
Dodge: Dodged            ||    11

Table legend: (Time is in decaauts)
 A = Elapsed time spent in this place.
 B = Non-inter-level travel time spent in this place.
 C = Inter-level travel time spent in this place.
 D = Time resting spent in this place.
 E = Time spent auto-exploring this place.
 F = Levels seen in this place.
 G = Mean time per level.
                   A        B        C        D        E       F      G
               +--------+--------+--------+--------+--------+-----+--------+
         Total |    326 |    326 |      0 |    105 |    109 |   1 |  326.0 |
       Dungeon |    326 |    326 |      0 |    105 |    109 |   1 |  326.0 |
               +--------+--------+--------+--------+--------+-----+--------+

Top non-repeatable levels by time:
     D:1: 326 daAuts
